 Dungeon Crawl Stone Soup version 0.19-a0-1498-g0b85ae9 (webtiles) character file.

76718 Foomius the Eclecticist (level 15, -4/80 HPs)
             Began as a Deep Elf Earth Elementalist on Sept 8, 2016.
             Was a High Priest of Sif Muna.
             Killed by angry trees
             ... awakened by a spriggan druid
              (11 damage)
             ... on level 3 of the Swamp on Sept 10, 2016.
             The game lasted 03:01:14 (25344 turns).

Foomius the Eclecticist (DEEE)                     Turns: 25344, Time: 03:01:15

Health: -4/80      AC:  9    Str:  6    XL:     15   Next: 13%
Magic:  3/54       EV: 19    Int: 26    God:    Sif Muna [*****.]
Gold:   993        SH:  5    Dex: 15    Spells: 9 memorised, 6 levels left

rFire  + . .     SeeInvis .     a - +9 long sword of Honesty {slice, rN+}
rCold  + . .     Gourm    .     F - +0 robe {rC+ rF+}
rNeg   + . .     Faith    .     t - +0 buckler
rPois  .         Spirit   .     A - +0 hat {MR+}
rElec  .         Dismiss  .     m - +2 cloak
rCorr  .         Reflect  .     z - +0 pair of gloves
MR     ++...     Harm     .     B - +2 pair of boots
Stlth  ++........               W - amulet of regeneration
                                k - ring of magical power
                                g - ring of magical power

@: no status effects
A: no striking features
a: Divine Energy, Channel Magic, Forget Spell, Renounce Religion


You were on level 3 of the Swamp.
You worshipped Sif Muna.
Sif Muna was extremely pleased with you.
You were hungry.

You visited 4 branches of the dungeon, and saw 23 of its levels.

You collected 1149 gold pieces.
You spent 156 gold pieces at shops.

Inventory:

Hand Weapons
 a - the +9 long sword of Honesty (weapon) {slice, rN+}
   (You found it on level 1 of the Swamp)

   It inflicts extra damage upon your enemies.
   It protects you from negative energy.
 x - a +0 scimitar of flaming
Missiles
 y - 3 poisoned tomahawks (quivered)
Armour
 m - a +2 cloak (worn)
 t - a +0 buckler (worn)
 z - a +0 pair of gloves (worn)
 A - a +0 hat of magic resistance (worn)
 B - a +2 pair of boots (worn)
 F - a +0 robe of resistance (worn)
Rods
 X - a +4 iron rod (9/9)
   (You found it on level 6 of the Lair of Beasts)
Jewellery
 g - a ring of magical power (left hand)
 k - a ring of magical power (right hand)
 q - an uncursed ring of flight
 Q - a +5 ring of intelligence
 V - an uncursed ring of protection from cold
 W - an amulet of regeneration (around neck)
Wands
 b - a wand of acid (6/15)
 e - a wand of flame (7/48)
 n - a wand of paralysis (8/24)
 v - a wand of disintegration (11/24)
 w - a wand of confusion (17/48)
 D - a wand of slowing (5/48)
 N - a wand of iceblast (5/15)
Scrolls
 c - 2 scrolls of enchant weapon
 h - 3 scrolls of teleportation
 l - a scroll of torment {unknown}
 p - a scroll of brand weapon {unknown}
 r - 20 scrolls of remove curse
 J - a scroll of summoning
 L - 3 scrolls of acquirement {unknown}
 M - a scroll of blinking {unknown}
 S - 2 scrolls of magic mapping {unknown}
Potions
 f - a potion of invisibility {unknown}
 i - a potion of haste
 j - 3 potions of might
 o - 3 potions of curing
 s - 2 potions of heal wounds
 u - 4 potions of agility
 E - 4 potions of resistance
 R - a potion of brilliance {unknown}
Books
 C - a book of Spatial Translocations

   Spells                             Type                      Level
   a - Apportation                    Translocation                1
   b - Blink                          Translocation                2
   c - Shroud of Golubria             Charms/Translocation         2
   d - Portal Projectile              Translocation                3
   e - Teleport Other                 Translocation                3
   f - Passage of Golubria            Translocation                4
 I - Ytusmu's Guide on Transmutation and Ignition
   (Sif Muna gifted it to you on level 2 of the Lair of Beasts)

   Spells                             Type                      Level
   a - Sticky Flame                   Conjuration/Fire             4
   b - Fireball                       Conjuration/Fire             5
   c - Irradiate                      Conjuration/Transmutation    5
   d - Ring of Flames                 Charms/Fire                  7
   e - Fire Storm                     Conjuration/Fire             9
 K - a book of Enchantments

   Spells                             Type                      Level
   a - Cause Fear                     Hexes                        4
   b - Yara's Violent Unravelling     Hexes/Transmutation          5
   c - Silence                        Hexes/Air                    5
   d - Deflect Missiles               Charms/Air                   6
   e - Haste                          Charms                       6
   f - Discord                        Hexes                        8
 O - a book of the Earth

   Spells                             Type                      Level
   a - Leda's Liquefaction            Hexes/Earth                  4
   b - Bolt of Magma                  Conjuration/Fire/Earth       5
   c - Statue Form                    Transmutation/Earth          6
   d - Iron Shot                      Conjuration/Earth            6
   e - Shatter                        Earth                        9
Comestibles
 d - 17 bread rations
 P - 2 beef jerkies
 T - 3 fruits
 U - 4 chunks of flesh


   Skills:
 - Level 4.7 Fighting
 - Level 10.0 Dodging
 - Level 2.4 Stealth
 - Level 4.1 Shields
 + Level 15.5 Spellcasting
 * Level 12.8 Conjurations
 - Level 10.0 Charms
 - Level 3.5 Transmutations
 * Level 11.8 Fire Magic
 - Level 12.2 Earth Magic
 - Level 7.0 Invocations


You had 6 spell levels left.
You knew the following spells:

 Your Spells              Type           Power        Failure   Level  Hunger
a - Magic Dart            Conj           ####         0%          1    None
b - Petrify               Tmut/Erth      ######..     1%          4    None
c - Lee's Rapid Deconstr  Erth           ######....   1%          5    None
f - Fireball              Conj/Fire      ######....   1%          5    None
h - Haste                 Chrm           ######..     10%         6    ####...
i - Iron Shot             Conj/Erth      ######....   2%          6    ####...
o - Bolt of Magma         Conj/Fire/Erth ######....   1%          5    None
p - Passwall              Tmut/Erth      ######....   1%          2    None
s - Iskenderun's Battles  Conj/Chrm      ######..     1%          5    None


Dungeon Overview and Level Annotations

Branches:
Dungeon (13/15)            Temple (0/1) D:5            Lair (6/6) D:8
  Swamp (3/4) Lair:4       Spider (1/4) Lair:2        Slime (0/5) Lair:5
    Orc (0/2) D:9
 Vaults: D:13-14

Altars:
Fedhas
Nemelex Xobeh
Sif Muna
Zin
The Shining One

Shops:
D:9 (

Annotations:
Lair:3 exclusion: oklob plant


Message History

You assume a fearsome visage.
The seven-headed hydra looks frightened!
The spriggan druid resists with almost no effort.
A tree reaches out but misses you. You block the spriggan druid's attack.
The seven-headed hydra is engulfed in a cloud of scalding steam.
You enter the shallow water.
Moving in this stuff is going to be slow.
Branches wave dangerously above you. A tree reaches out but misses you.
You are hit by a branch!
* * * LOW HITPOINT WARNING * * *
The seven-headed hydra is engulfed in a cloud of scalding steam.
The spriggan druid hits you with a quarterstaff!
* * * LOW HITPOINT WARNING * * *
You feel much better. A root smacks you from below.
* * * LOW HITPOINT WARNING * * *
The spriggan druid is engulfed in a cloud of scalding steam.
The spriggan druid hits you but does no damage.
A shadow comes into view.
You are hit by a branch!
You die...

.≈≈≈..♣♣.≈≈..≈≈≈≈≈..♣
♣
≈.≈.§.≈≈.≈.§§≈≈≈≈§..♣
♣
≈§≈≈≈§≈.§≈≈≈≈≈≈≈≈.≈.♣
..≈≈§..$.†:)..≈≈≈≈..♣
....≈...≈♣≈≈†≈≈≈≈.♣♣♣
♣≈≈....≈.♣ ♣♣.§≈≈≈♣
.♣♣≈≈≈♣..♣♣♣♣i†.§♣♣
♣♣♣♣♣♣...♣≈≈♣≈≈≈♣♣
♣♣≈.≈@.♣♣.≈.♣♣♣
♣♣♣♣.†≈≈.≈.≈..≈♣
.W...≈≈≈......♣.≈≈
....≈≈≈≈.≈♣≈..≈♣ ≈≈
≈≈♣≈≈.≈≈≈≈≈♣§..≈♣ ≈ .
♣♣♣♣≈≈≈≈≈♣≈....≈.
♣♣..≈≈.≈≈≈..≈≈≈
♣♣.....≈≈..≈≈≈
♣♣♣≈≈≈.......


You could see a spriggan druid and a shadow (wandering).

Vanquished Creatures
  Gastronok (D:9)
  Nessos (Lair:5)
  Snorg (D:10)
  A fire dragon (Lair:6)
  14 hydras
  A catoblepas (Lair:4)
  Erica (Lair:2)
  A centaur warrior (D:8)
  7 alligators
  The ghost of Torious the Destroyer, a journeyman DECj of Sif Muna (D:10)
  8 death yaks
  6 hill giants
  A swamp dragon (Lair:1)
  A lindwurm (Lair:5)
  A necromancer (Swamp:1)
  An orb spider (Spider:1)
  3 cyclopes
  A griffon (Lair:4)
  A hornet (Swamp:2)
  A manticore (D:11)
  3 black mambas
  A centaur zombie (D:12)
  20 spiny frogs
  5 rime drakes
  A swamp worm zombie (Swamp:1)
  6 komodo dragons
  3 meliai (D:13)
  A hydra zombie (Swamp:1)
  3 trolls
  A jumping spider (Lair:2)
  6 giant leeches
  2 two-headed ogres
  A boulder beetle (Lair:6)
  13 blink frogs
  A slime creature (Lair:5)
  A bog body (Swamp:2)
  A vampire (D:9)
  9 spriggans
  4 wyverns
  37 yaks
  3 basilisks
  3 steam dragons
  2 hungry ghosts
  13 vampire mosquitoes
  13 hippogriffs
  A mottled dragon (Lair:6)
  13 swamp worms
  A soldier ant (D:12)
  4 porcupines
  11 water moccasins
  9 swamp drakes
  A black bear (D:11)
  3 sky beasts
  4 ice beasts
  An eye of draining (D:12)
  3 ogres
  12 wasps
  12 orc warriors
  6 centaurs
  11 wolves
  19 crocodiles
  3 big kobolds
  16 giant frogs
  2 water moccasin zombies (Swamp:1)
  A water moccasin skeleton (D:4)
  5 scorpions
  17 killer bees
  9 wights (D:8)
  5 crimson imps
  2 quasits
  2 giant frog zombies
  4 jellies
  7 hounds
  4 centaur skeletons
  5 orc priests
  8 orc wizards
  A giant frog skeleton (D:12)
  13 iguanas
  An iron imp (D:6)
  15 worker ants
  A hound zombie (D:5)
  3 hound skeletons
  2 worker ant zombies
  6 gnolls
  A swamp drake zombie (Swamp:1)
  12 adders
  60 river rats
  4 shadow imps
  An ooze (D:6)
  An adder skeleton (D:8)
  A worm (D:5)
  2 dart slugs
  A giant gecko (D:5)
  50 orcs
  17 bats
  5 giant cockroaches
  5 goblins
  3 hobgoblins
  9 jackals
  4 quokkas
  5 ball pythons
  A giant gecko skeleton (D:4)
  4 giant newts
  A goblin skeleton (D:6)
  2 goblin zombies (D:6)
  3 hobgoblin zombies (D:6)
  16 kobolds
  A kobold zombie (D:6)
  2 orc skeletons (D:6)
  15 rats
  5 fungi
  A plant (Lair:6)
681 creatures vanquished.

Vanquished Creatures (others)
  A fulminant prism (D:10)
  18 fungi
  18 plants
37 creatures vanquished.

Grand Total: 718 creatures vanquished

Notes
Turn   | Place    | Note
-------+----------+-------------------------------------------
     0 | D:1      | Foomius the Deep Elf Earth Elementalist began the quest for the Orb.
     0 | D:1      | Reached XP level 1. HP: 10/10 MP: 6/6
   464 | D:1      | Reached XP level 2. HP: 14/15 MP: 8/8
  1091 | D:2      | Reached XP level 3. HP: 19/19 MP: 9/9
  1096 | D:2      | Learned a level 3 spell: Stone Arrow
  1440 | D:2      | Found a blossoming altar of Fedhas.
  1591 | D:3      | Reached skill level 1 in Conjurations
  1599 | D:3      | Reached XP level 4. HP: 17/24 MP: 10/10
  1703 | D:3      | Reached skill level 5 in Earth Magic
  1800 | D:3      | Found a deep blue altar of Sif Muna.
  1803 | D:3      | Became a worshipper of Sif Muna the Loreminder
  2304 | D:4      | Reached XP level 5. HP: 28/28 MP: 11/11
  2493 | D:4      | Learned a level 2 spell: Passwall
  2620 | D:4      | Reached XP level 6. HP: 19/32 MP: 12/12
  2661 | D:4      | Learned a level 5 spell: Lee's Rapid Deconstruction
  2874 | D:5      | Entered Level 5 of the Dungeon
  2925 | D:5      | Found a staircase to the Ecumenical Temple.
  3179 | D:5      | Reached skill level 5 in Dodging
  3524 | D:5      | Reached XP level 7. HP: 36/36 MP: 14/14
  3785 | D:6      | Reached * piety under Sif Muna
  3785 | D:6      | Reached skill level 4 in Spellcasting
  3855 | D:6      | Found a glowing silver altar of Zin.
  3961 | D:6      | Reached skill level 5 in Spellcasting
  3990 | D:6      | Learned a level 4 spell: Petrify
  3999 | D:6      | Reached XP level 8. HP: 33/41 MP: 7/18
  4386 | D:6      | Reached skill level 6 in Spellcasting
  4459 | D:6      | Found a glowing golden altar of the Shining One.
  4876 | D:7      | Reached ** piety under Sif Muna
  5044 | D:7      | Got a heavily runed tin amulet
  5052 | D:7      | Identified the amulet of Rocsong {Harm *Drain rF+++ rC+ Str+2 Stlth-} (You found it on level 7 of the Dungeon)
  5287 | D:8      | Noticed a centaur warrior
  5541 | D:8      | Reached XP level 9. HP: 45/45 MP: 21/21
  5640 | D:8      | HP: 2/45 [centaur warrior/arrow (10)]
  5985 | D:8      | Reached skill level 5 in Conjurations
  6184 | D:8      | Killed a centaur warrior
  6388 | D:8      | Reached *** piety under Sif Muna
  6437 | D:8      | Upgraded the game from 0.19-a0-1490-g5dd3618 to 0.19-a0-1498-g0b85ae9
  6451 | D:8      | Reached skill level 10 in Dodging
  6518 | D:8      | Found a staircase to the Lair.
  6680 | D:8      | Reached skill level 10 in Earth Magic
  6680 | D:8      | Reached XP level 10. HP: 50/50 MP: 22/22
  6710 | D:8      | Reached skill level 1 in Shields
  7241 | D:8      | Learned a level 6 spell: Haste
  7417 | D:9      | Reached skill level 1 in Charms
  7723 | Lair:1   | Entered Level 1 of the Lair of Beasts
  7795 | D:8      | Reached **** piety under Sif Muna
  8297 | Lair:1   | Reached skill level 5 in Charms
  8310 | Lair:1   | Noticed a black mamba
  8389 | Lair:1   | Noticed an eight-headed hydra
  8398 | Lair:1   | Killed an eight-headed hydra
  8539 | Lair:1   | Noticed a swamp dragon
  8546 | Lair:1   | Killed a swamp dragon
  8546 | Lair:1   | Reached skill level 1 in Fighting
  8546 | Lair:1   | Reached XP level 11. HP: 43/56 MP: 23/23
  9308 | Lair:2   | Noticed Erica
  9318 | Lair:2   | Killed Erica
  9439 | Lair:2   | Found a hole to the Spider Nest.
  9749 | Lair:2   | Reached ***** piety under Sif Muna
 10603 | Lair:3   | Noticed an oklob plant
 10657 | Lair:3   | Reached skill level 7 in Spellcasting
 10803 | Lair:2   | Identified Ytusmu's Guide on Transmutation and Ignition (Sif Muna gifted it to you on level 2 of the Lair of Beasts)
 10803 | Lair:2   | Received a gift from Sif Muna
 11497 | Lair:3   | Reached skill level 8 in Spellcasting
 12822 | Lair:4   | Found a staircase to the Swamp.
 12838 | Lair:4   | Reached skill level 10 in Charms
 12838 | Lair:4   | Reached XP level 12. HP: 55/67 MP: 26/26
 12845 | Lair:4   | Learned a level 5 spell: Fireball
 12882 | Lair:4   | Reached skill level 9 in Spellcasting
 12891 | Lair:4   | Reached skill level 1 in Fire Magic
 13625 | Lair:4   | Noticed a catoblepas
 13660 | Lair:4   | Killed a catoblepas
 13660 | Lair:4   | Reached skill level 10 in Spellcasting
 14058 | Lair:5   | Noticed a four-headed hydra
 14081 | Lair:5   | Killed a one-headed hydra
 14081 | Lair:5   | Reached skill level 5 in Fire Magic
 14235 | Lair:5   | Noticed a death yak
 14236 | Lair:5   | Noticed a death yak
 14238 | Lair:5   | Noticed a death yak
 14241 | Lair:5   | Noticed a death yak
 14259 | Lair:4   | Killed a death yak
 14259 | Lair:4   | Reached skill level 11 in Spellcasting
 14259 | Lair:4   | Reached skill level 1 in Invocations
 14490 | Lair:5   | Received a gift from Sif Muna
 14498 | Lair:5   | Learned a level 5 spell: Bolt of Magma
 14583 | Lair:5   | Noticed a death yak
 14585 | Lair:5   | Noticed a death yak
 14586 | Lair:5   | Noticed a death yak
 14588 | Lair:5   | Noticed a death yak
 14845 | Lair:5   | Noticed a seven-headed hydra
 14861 | Lair:4   | Killed a death yak
 14935 | Lair:5   | Killed a death yak
 14936 | Lair:5   | Killed a death yak
 14945 | Lair:5   | Noticed Nessos
 15271 | Lair:5   | Killed Nessos
 15362 | Lair:5   | Killed a seven-headed hydra
 15491 | Lair:5   | Reached skill level 12 in Spellcasting
 15732 | Lair:5   | Found a staircase to the Slime Pits.
 15873 | Lair:5   | Noticed a six-headed hydra
 15875 | Lair:5   | Killed a six-headed hydra
 15875 | Lair:5   | Reached XP level 13. HP: 72/72 MP: 19/31
 15942 | Lair:5   | Reached skill level 5 in Invocations
 16545 | Lair:5   | Learned a level 6 spell: Iron Shot
 16571 | Lair:6   | Entered Level 6 of the Lair of Beasts
 17118 | Lair:6   | Reached skill level 13 in Spellcasting
 17198 | Lair:6   | Identified Sif Muna's Incunabulum of Orientation and Attacks (Sif Muna gifted it to you on level 6 of the Lair of Beasts)
 17198 | Lair:6   | Received a gift from Sif Muna
 18057 | Lair:6   | Noticed a fire dragon
 18156 | Lair:6   | Killed a fire dragon
 18820 | Lair:1   | Learned a level 1 spell: Magic Dart
 18826 | Lair:1   | Learned a level 5 spell: Iskenderun's Battlesphere
 19065 | D:9      | Found Hafaa's Weapon Boutique.
 19080 | D:9      | Bought a +2 short sword of venom for 156 gold pieces
 19186 | D:9      | Received a gift from Sif Muna
 19211 | D:9      | Noticed Gastronok
 19379 | D:9      | Killed Gastronok
 19379 | D:9      | Reached skill level 14 in Spellcasting
 19417 | D:9      | Found a staircase to the Orcish Mines.
 19815 | D:9      | Reached skill level 10 in Conjurations
 19862 | D:10     | Entered Level 10 of the Dungeon
 19864 | D:10     | Noticed Torious's ghost (journeyman DECj)
 19873 | D:10     | Killed Torious's ghost
 20151 | D:10     | Noticed Snorg
 20154 | D:10     | Killed Snorg
 20154 | D:10     | Reached XP level 14. HP: 76/76 MP: 34/34
 21342 | D:11     | Found a deep blue altar of Sif Muna.
 22434 | Lair:1   | Learned a level 3 spell: Ignite Poison
 22472 | Spider:1 | Entered Level 1 of the Spider Nest
 22620 | Swamp:1  | Entered Level 1 of the Swamp
 22731 | Swamp:1  | Identified Sif Muna's Reference Book on Conjuration (Sif Muna gifted it to you on level 1 of the Swamp)
 22731 | Swamp:1  | Received a gift from Sif Muna
 22975 | Swamp:1  | Reached skill level 10 in Fire Magic
 23064 | Swamp:1  | Got a brightly glowing long sword
 23065 | Swamp:1  | Identified the +9 long sword of Honesty {slice, rN+} (You found it on level 1 of the Swamp)
 23418 | Swamp:1  | Reached skill level 15 in Spellcasting
 24651 | Swamp:2  | Found a sparkling altar of Nemelex Xobeh.
 25298 | Swamp:3  | Reached XP level 15. HP: 80/80 MP: 36/36
 25331 | Swamp:3  | Identified Sif Muna's Volume of Confrontation (Sif Muna gifted it to you on level 3 of the Swamp)
 25331 | Swamp:3  | Received a gift from Sif Muna
 25342 | Swamp:3  | HP: 3/80 [spriggan druid/quarterstaff (7)]
 25344 | Swamp:3  | Killed from afar by a spriggan druid

Vault maps used:
D:1:      dpeg_arrival_simpleton_b, corexii_item_surrounded_by_moat, hex_medium
D:2:      first_bread, fedhas_altar_2
D:3:      serial_co_window_serial, co_window_of_opportunity_a,
          co_window_paths_a, co_window_paths_a, co_window_paths_a,
          co_window_of_opportunity_a, co_window_cross_3, co_window_2corner,
          co_window_of_opportunity_b, co_window_paths_e, glass_columns_c,
          glass_columns_a, glass_columns_a, glass_columns_a,
          lemuel_blue_sif_altar
D:5:      kennysheep_generic_room_13
D:6:      basic_altar, nicolae_tso_besieged_by_evil
D:8:      minmay_cornered_nines, grunt_lair_entry_orc_guard_hut
D:9:      david_orc_4, serial_shops, shop, uniq_gastronok
D:10:     the_bakery, uniq_joseph, uniq_snorg
D:11:     basic_altar
D:12:     lemuel_flamethrower_3
D:13:     enter_bailey_3, kennysheep_four_rooms
Lair:1:   serial_bayou_pond_c, hibernation_bobbens, infiniplex_staircase_pool,
          serial_bayou_shore_b
Lair:2:   spider_nest_entry_webs, uniq_erica
Lair:3:   minmay_lair_oklob_bushes, serial_bayou_shore_b
Lair:4:   minmay_swamp_entry_swarm
Lair:5:   minmay_slime_entry_pillars, lab_entry_generic, grunt_megastairs_2,
          uniq_nessos
Lair:6:   guppyfry_lair_end_dragon, grunt_forest_small_clearing_treed,
          lemuel_fruit_fields, serial_bayou_shore_b, serial_bayou_shore_b,
          lemuel_fruit_tree
Swamp:1:  evilmike_swamp_ruin_house_1, swamp_pool2,
          nicolae_swamp_round_clearing, nicolae_swamp_necromancer_hut
Swamp:2:  basic_altar, swamp_pool2
Swamp:3:  evilmike_swamp_ruin_house_2, swamp_pool3, st_swamp_ruins_3,
          uniq_jorgrun

Skill      XL: |  1  2  3  4  5  6  7  8  9 10 11 12 13 14 |
---------------+-------------------------------------------+-----
Earth Magic    | 4 5 6 7 8 10 11 12 | 12.2
Conjurations   | 1 2 3 4 6 7 10 12 | 12.8
Dodging        | 3 4 5 6 8 10 | 10.0
Transmutations | 2 3 |  3.5
Spellcasting   | 5 6 8 12 14 15 | 15.5
Shields        | 4 |  4.1
Charms         | 6 10 | 10.0
Fighting       | 1 4 |  4.7
Fire Magic     | 7 8 11 | 11.8
Invocations    | 4 7 |  7.0
Stealth        | |  2.4

Action                   |  1- 3 |  4- 6 |  7- 9 | 10-12 | 13-15 || total
-------------------------+-------+-------+-------+-------+-------++-------
Melee: Short sword       |    12 |       |       |     1 |    47 ||    60
       Quarterstaff      |     3 |     9 |    42 |       |       ||    54
       Falchion          |       |       |    15 |   111 |    44 ||   170
       Scimitar          |       |       |       |    10 |       ||    10
       Long sword        |       |       |       |       |    33 ||    33
Throw: Stone             |     8 |     1 |     1 |     1 |       ||    11
       Tomahawk          |       |       |       |    19 |     1 ||    20
 Cast: Sandblast         |    47 |    52 |    92 |    73 |    46 ||   310
       Stone Arrow       |       |    16 |    60 |   174 |     6 ||   256
       Lee's Rapid Decon |       |       |     9 |   108 |    68 ||   185
       Petrify           |       |       |       |    53 |    10 ||    63
       Bolt of Magma     |       |       |       |    16 |    54 ||    70
       Fireball          |       |       |       |    13 |   109 ||   122
       Magic Dart        |       |       |       |       |   291 ||   291
       Iron Shot         |       |       |       |       |    44 ||    44
       Iskenderun's Batt |       |       |       |       |    59 ||    59
       Haste             |       |       |       |       |     2 ||     2
Invok: Divine Energy     |       |       |       |     1 |       ||     1
       Stop Divine Energ |       |       |       |     1 |       ||     1
       Channel Magic     |       |       |       |       |     9 ||     9
       Forget Spell      |       |       |       |       |     2 ||     2
Evoke: Wand              |       |       |       |    10 |    17 ||    27
       Rod               |       |       |       |       |     2 ||     2
  Use: Scroll            |       |     5 |     7 |    10 |    13 ||    35
       Potion            |       |       |       |     4 |     3 ||     7
 Stab: Sleeping          |     1 |       |       |     1 |     1 ||     3
       Petrified         |       |       |       |     8 |     5 ||    13
       Petrifying        |       |       |       |     4 |       ||     4
       Paralysed         |       |       |       |       |     7 ||     7
  Eat: Chunk             |     2 |     5 |    10 |    42 |    48 ||   107
       Royal jelly       |       |     1 |       |     1 |       ||     2
       Fruit             |       |       |     2 |     3 |     4 ||     9
       Beef jerky        |       |       |     1 |       |     1 ||     2
       Meat ration       |       |       |       |     2 |       ||     2
       Bread ration      |       |       |       |       |     1 ||     1
Armor: Robe              |     8 |     3 |    38 |    43 |    56 ||   148
Dodge: Dodged            |    20 |    16 |   121 |   191 |   198 ||   546
Block: Buckler           |       |       |       |    55 |    52 ||   107
